 Dungeon Crawl Stone Soup version 0.31-a0-232-gb1c03b2570 (webtiles) character file.

Game seed: 5343268027568484307

15 qw the Shooter (level 2, -8/16 HPs)
             Began as a Gargoyle Hexslinger on July 7, 2023.
             Killed from afar by Sigmund (11 damage)
             ... with a puff of flame
             ... on level 2 of the Dungeon.
             The game lasted 00:00:13 (715 turns).

qw the Shooter (Gargoyle Hexslinger)                 Turns: 715, Time: 00:00:14

Health: -8/16      AC:  5    Str: 11    XL:     2   Next: 50%
Magic:  3/3        EV: 12    Int: 13    God:
Gold:   77         SH:  0    Dex: 12    Spells: 2/3 levels left

rFire   . . .        Y - +1 sling
rCold   . . .        (no shield)
rNeg    + . .        c - +0 robe
rPois   inf          (no helmet)
rElec   +            h - +0 cloak
rCorr   .            (no gloves)
SInv    .            (no boots)
Will    .....        (no amulet)
Stlth   +            (no ring)
HPRegen 0.22/turn    (no ring)
MPRegen 0.08/turn

%: no passive effects
@: confused
A: sickness immunity, AC +2, negative energy resistance 1, electricity
resistance, torment resistance 1, petrification resistance
a: no special abilities


You were on level 2 of the Dungeon.
You visited 1 branch of the dungeon, and saw 2 of its levels.

You collected 77 gold pieces.


Innate Abilities, Weirdness & Mutations

You are immune to sickness and miasma.
Your stone body is resilient. (AC +2)
You are immune to poison.
You resist negative energy. (rN+)
You are resistant to electric shocks. (rElec)
You are resistant to unholy torment.
You are immune to petrification.


   Skills:
 + Level 1.2 Fighting
 - Level 3.0 Ranged Weapons
 - Level 1.5 Dodging
 - Level 1.0 Spellcasting
 - Level 2.6 Hexes


You had 2 spell levels left.
You knew the following spells:

 Your Spells              Type           Power      Damage    Failure   Level
a - Slow                  Hex            28%        N/A       10%         1

Your spell library contained the following spells:

 Spells                   Type           Power      Damage    Failure   Level
 Inner Flame              Hex/Fire       4%         N/A       43%         3
 Portal Projectile        Hex/Tloc       8%         N/A       43%         3
 Cause Fear               Hex            3%         N/A       67%         4

Inventory:

Hand Weapons
 Y - a +1 sling (weapon)
Armour
 a - the +1 cloak "Vautug" {Harm Str+3}
   (You acquired it on level 1 of the Dungeon)

   Str:       It affects your strength (+3).
   Harm:      It increases damage dealt and taken.
 c - a +0 robe (worn)
 h - a +0 cloak (worn)
Potions
 d - a potion of resistance {unknown}

Dungeon Overview and Level Annotations

Branches:
Dungeon (2/15)

Altars:

Annotations:
D:2 Sigmund


Message History

The sling bullet barely misses the frilled lizard.
The sling bullet barely misses Sigmund.
The frilled lizard barely misses you.
Sigmund hits you from afar with a +0 scythe.
You shoot a sling bullet.
The sling bullet barely misses the frilled lizard.
The sling bullet closely misses Sigmund.
The frilled lizard closely misses you.
Sigmund hits you from afar with a +0 scythe.
The frilled lizard closely misses you.
You shoot a sling bullet.
The sling bullet misses the frilled lizard.
The sling bullet hits Sigmund but does no damage.
Sigmund is lightly wounded.
The frilled lizard bites you but does no damage.
Sigmund hits you from afar with a +0 scythe.
You shoot a sling bullet.
The sling bullet hits the frilled lizard.
You kill the frilled lizard!
You shoot a sling bullet.
The sling bullet hits Sigmund but does no damage.
Sigmund is lightly wounded.
Sigmund hits you from afar with a +0 scythe!
Ouch! That really hurt!
You shoot a sling bullet.
The sling bullet closely misses Sigmund.
Sigmund barely misses you.
You shoot a sling bullet. The sling bullet barely misses Sigmund.
Sigmund barely misses you.
You shoot a sling bullet. The sling bullet barely misses Sigmund.
Sigmund gestures at you while chanting.
You are confused.
Sigmund misses you. Sigmund casts a spell at you.
You resist with significant effort. Sigmund completely misses you.
Sigmund gestures at you while chanting. The puff of flame hits you!
Ouch! That really hurt!
You die...

~~~.~
#............
~~~~. #...........
7.~~7 #..........
~..~ #...(.....
###..# #........
....# #.....@.
##.#####.##......#
.........##.....@#
##..###..##......#
....#.#..######.##
##..#.#..# #.#
.........# #.#
##..###..# #.#
....#.#..######.#
##..#.#.........#
.........########


You could see Sigmund.

Vanquished Creatures
  An endoplasm (D:2)
  A giant cockroach (D:1)
  2 goblins (D:1)
  3 hobgoblins (D:1)
  2 kobolds (D:1)
  A quokka (D:1)
  A bat (D:1)
  2 frilled lizards
13 creatures vanquished.

Notes
Turn   | Place    | Note
-------+----------+-------------------------------------------
     0 | D:1      | qw the Gargoyle Hexslinger began the quest for the Orb.
     0 | D:1      | Reached XP level 1. HP: 12/12 MP: 2/2
     0 | D:1      | 0 ||| qw: Version: 0.3-a-46-gb1f654a
     0 | D:1      | 0 ||| qw: Game counter: 2172
     0 | D:1      | 0 ||| qw: Melee chars always use a shield: true
     0 | D:1      | 0 ||| qw: God list: Okawaru
     0 | D:1      | 0 ||| qw: Allow faded altars: false
     0 | D:1      | 0 ||| qw: Do Orc after clearing Dungeon:15 true
     0 | D:1      | 0 ||| qw: Do second Lair branch before Depths: true
     0 | D:1      | 0 ||| qw: Lair rune preference: random
     0 | D:1      | 0 ||| qw: Goals: Normal
     0 | D:1      | 0 ||| PLANNING D:1-11
   103 | D:1      | Reached XP level 2. HP: 16/16 MP: 3/3
   440 | D:1      | Reached skill level 3 in Ranged Weapons
   600 | D:1      | 600 ||| UPGRADING to +0 cloak.
   605 | D:1      | 605 ||| READING scroll labelled ECEPOXT UNAE.
   608 | D:1      | 608 ||| READING scroll labelled ASYUSSAO UWIMN.
   608 | D:1      | Identified a scroll of acquirement
   608 | D:1      | 608 ||| ACQUIRING +1 cloak "Vautug" {Harm Str+3}
   608 | D:1      | Acquired the +1 cloak "Vautug" {Harm Str+3}
   610 | D:1      | 610 ||| READING scroll labelled YBLEC OPHYTSUR.
   611 | D:1      | 611 ||| DROPPING scroll of poison.
   699 | D:2      | Noticed Sigmund
   707 | D:2      | HP: 1/16 [Sigmund/+0 scythe (8)]
   715 | D:2      | Killed from afar by Sigmund

Levels and vault maps discovered:
D:1:      dpeg_arrival_long_road, layout_basic, minmay_tripent
D:2:      layout_basic, basic_altar, minmay_misc_feat_nine_boxes,
          chequers_serial_rivers_marsh, amcnicky_mini_pool_small,
          lexackson_kobold_supper, uniq_terence, uniq_sigmund

Skill      XL: |  1  2 |
---------------+-------+-----
Ranged Weapons | 3 |  3.0
Fighting       | |  1.2
Dodging        | |  1.5
Spellcasting   | |  1.0
Hexes          | |  2.6

Action                     || total
---------------------------++-------
   Fire: Sling             ||    46
    Use: Scroll            ||     3
 Armour: Robe              ||     7
  Dodge: Dodged            ||    19

Table legend:
 A = Non-vault XP
 B = Vault XP
 C = Vault XP percentage of total XP
 D = Non-vault monster count
 E = Vault monster count
 F = Vault count percentage of total count
                 A         B        C        D         E       F
            +---------+---------+-------+---------+---------+-------
      Total |      19 |       3 |  13.6 |      11 |       2 |  15.4
            +---------+---------+-------+---------+---------+-------
        D:1 |      16 |       3 |  15.8 |       9 |       2 |  18.2
        D:2 |       3 |       0 |   0.0 |       2 |       0 |   0.0
            +---------+---------+-------+---------+---------+-------
